 Dungeon Crawl Stone Soup version 0.31-a0-182-gc5ef74bbde (webtiles) character file.

Game seed: 16501610573452868607

74190 qw the Severer (level 15, -4/93 (96) HPs)
             Began as a Gargoyle Fighter on June 21, 2023.
             Was an Elder of Okawaru.
             Slain by Urug
             ... wielding a +6 broad axe
              (33 damage)
             ... on level 2 of the Orcish Mines.
             The game lasted 00:14:29 (20336 turns).

qw the Severer (Gargoyle Fighter)                  Turns: 20336, Time: 00:14:30

HP:   -4/93 (96)    AC: 49    Str: 33    XL:     15   Next: 45%
MP:   22/22         EV: 12    Int:  9    God:    Okawaru [****..]
Gold: 1367          SH: 14    Dex: 15    Spells: 14/14 levels left

rFire   . . .        a - +2 broad axe (protect)
rCold   . . .        e - +0 kite shield
rNeg    + . .        g - +0 plate armour
rPois   inf          q - +2 helmet
rElec   +            j - +2 cloak {Stlth+}
rCorr   .            k - +2 pair of gloves
SInv    .            m - +1 pair of boots
Will    +....        h - amulet of regeneration Stlth
                     r - +6 ring of strength
HPRegen 1.15/turn    l - +6 ring of dexterity
MPRegen 0.18/turn

%: no passive effects
@: heroic, under a protective aura, flying, lightly drained
A: sickness immunity, AC +11, big wings, negative energy resistance 1,
electricity resistance, torment resistance 1, petrification resistance
a: Renounce Religion, Heroism, Finesse


You were on level 2 of the Orcish Mines.
You worshipped Okawaru.
Okawaru was greatly pleased with you.
You visited 4 branches of the dungeon, and saw 23 of its levels.

You collected 1891 gold pieces.
You spent 524 gold pieces at shops.


Innate Abilities, Weirdness & Mutations

You are immune to sickness and miasma.
Your stone body is resilient. (AC +11)
You are immune to poison.
Your large and strong wings let you fly.
You resist negative energy. (rN+)
You are resistant to electric shocks. (rElec)
You are resistant to unholy torment.
You are immune to petrification.


   Skills:
 - Level 12.0(17.0) Fighting
 + Level 15.9(20.9) Axes
 - Level 5.0(10.0) Throwing
 - Level 11.0(16.0) Armour
 - Level 4.0(9.0) Dodging
 - Level 12.0(17.0) Shields
 - Level 10.0 Invocations


You had 14 spell levels left.
You didn't know any spells.
Your spell library was empty.

Inventory:

Hand Weapons
 a - a +2 broad axe of protection (weapon)
 s - the +9 hand axe of Pugid {flame, Will- Int+4}
   (Okawaru gifted it to you on level 13 of the Dungeon)

   Int:       It affects your intelligence (+4).
   Will:      It decreases your willpower.
Missiles
 c - 5 boomerangs (quivered)
Armour
 e - a +0 kite shield (worn)
 g - a +0 plate armour (worn)
 j - a +2 cloak of stealth (worn)
 k - a +2 pair of gloves (worn)
 m - a +1 pair of boots (worn)
 q - a +2 helmet (worn)
 v - a +4 chain mail of fire resistance
 w - +0 acid dragon scales
Jewellery
 h - an amulet of regeneration (around neck)
 l - a +6 ring of dexterity (right hand)
 r - a +6 ring of strength (left hand)
Scrolls
 f - 7 scrolls of identify
Potions
 b - a potion of cancellation
 d - 2 potions of might
 i - 2 potions of attraction
 n - 4 potions of mutation
 o - 4 potions of lignification
 p - 2 potions of heal wounds
 t - 2 potions of enlightenment
 u - 2 potions of haste

Dungeon Overview and Level Annotations

Branches:
Dungeon (15/15)            Temple (1/1) D:5            Lair (5/5) D:10
  Swamp (0/4) Lair:3        Snake (0/4) Lair:2        Slime (0/5) Lair:5
    Orc (2/2) D:9          Vaults (0/5) D:14         Depths (0/4) D:15
    Elf: Orc:2

Altars:
Ashenzari
Cheibriados
Dithmenos
Elyvilon
Fedhas
Gozag
Hepliaklqana
Kikubaaqudgha
Makhleb
Nemelex Xobeh
Okawaru
Qazlal
Ru
Sif Muna
Trog
Uskayaw
Vehumet
Wu Jian
Xom
Yredelemnul
Zin
The Shining One

Shops:
D:9 *   D:10 [

Annotations:
D:13 2 runed translucent doors, Vext's ghost, journeyman SpEn
Lair:5 2 runed translucent doors
Orc:2 Urug


Message History

Something hits you but does no damage.
You barely miss Urug.
Urug is lightly wounded.
You barely miss the orc sorcerer. You hit something. Okawaru accepts your kill.
Reactivating autopickup.
You feel a bit more experienced.
An ogre comes into view. It is wielding a +0 giant spiked club.
The orc sorcerer gestures wildly while chanting.
You block the orc's attack. Urug hits you with a +6 broad axe!!!
You hear a shout! x3
You slice Urug!!
Urug is moderately wounded.
You barely miss the orc priest. You closely miss the orc sorcerer.
The orc priest closely misses you.
An ogre comes into view. It is wielding a +0 giant club.
The orc sorcerer gestures at you while chanting.
The bolt of negative energy hits you! You partially resist.
You feel drained. You block the orc's attack. Urug closely misses you.
You slash Urug!
Urug is heavily wounded.
You slash the orc priest! You slash the orc sorcerer!
You block the red devil's attack.
You closely miss the orc priest.
The orc priest is severely wounded.
You slash the orc sorcerer! You hit Urug.
The orc priest calls upon Beogh to heal Urug.
Urug is healed somewhat.
Urug drinks a potion.
Urug is healed!
The orc sorcerer mumbles some strange words.
You block the orc's attack.
An orc warrior comes into view.
It is wielding a +0 trident and quivering silver boomerangs.
The red devil barely misses you.
You barely miss the orc sorcerer.
The orc sorcerer is almost dead.
You slice the orc priest!!
You kill the orc priest!
Okawaru accepts your kill.
You slice Urug!! Urug hits you with a +6 broad axe!!
You die...

#.........................
#.....)...................
..........................
..........................
....#..............#......
....#.....................
...#.....4)...............
. ....3.)))...............
####..#o@)..#..####......
##.#.o)..#.## #......
###8oo.8# # #......
#.....# #...... #....(#
....##. .O..... .## ##
........ # .o........


You could see an orc knight, Urug (strong), a sun demon (summoned), an orc
sorcerer (strong), a red devil (summoned), an orc warrior (strong), an ogre and
an orc (strong).

Vanquished Creatures
  Rupert (Orc:2)
  Gastronok (Lair:2)
  Josephine (Lair:3)
  A rakshasa (D:13)
  5 hydras
  An ogre mage (D:15)
  7 centaur warriors
  2 boulder beetles
  7 two-headed ogres
  Sonja (Lair:2)
  A skyshark (Lair:5)
  Nergalle (D:10)
  Amaemon (Lair:3)
  A goliath frog (shapeshifter) (D:15)
  3 lindwurms
  2 orc knights
  A necromancer (D:14)
  5 cyclopes
  3 orc sorcerers
  11 ugly things
  2 salamanders
  3 manticores
  Joseph (D:8)
  An orange demon (Lair:3)
  3 molten gargoyles (Lair:5)
  3 black mambas
  A gargoyle (D:14)
  5 cane toads
  A kobold demonologist (D:10)
  7 komodo dragons
  An efreet (D:13)
  3 trolls
  3 tyrant leeches (Lair:3)
  4 meliai
  3 polar bears
  2 hornets (D:9)
  A queen bee (Lair:1)
  A blink frog (shapeshifter) (D:14)
  13 blink frogs
  9 dream sheep (Lair:5)
  A culicivora (shapeshifter) (D:15)
  A centaur simulacrum (D:14)
  18 slime creatures
  7 wraiths
  A spriggan (D:7)
  A vampire (D:12)
  14 wyverns
  A shadow (D:11)
  34 yaks
  7 basilisks
  3 fire elementals (D:15)
  2 steam dragons
  8 vampire mosquitoes
  A warg (Orc:2)
  4 hell hounds (Lair:5)
  Edmund (D:4)
  3 acid dragons
  15 water moccasins
  2 black bears
  12 orc warriors
  A sky beast (D:6)
  9 ogres
  17 centaurs
  10 wolves
  3 phantoms
  24 kobold brigands
  13 bullfrogs
  6 scorpions
  24 wights
  27 killer bees
  5 howler monkeys
  3 electric eels (D:9)
  13 lava snakes
  3 hounds
  A jelly (D:4)
  3 gnoll boudas
  12 orc priests
  2 sleepcaps
  Ijyb (D:3)
  Natasha (thrice) (D:3)
  3 iguanas
  21 orc wizards
  4 hell rats (Lair:4)
  19 gnolls
  5 adders
  2 worms
  4 dart slugs
  43 orcs
  5 ball pythons
  3 bats
  10 endoplasms
  12 giant cockroaches
  4 goblins
  5 hobgoblins
  3 quokkas
  32 kobolds
  A rat (D:2)
615 creatures vanquished.

Vanquished Creatures (others)
  A centaur (D:13)
1 creature vanquished.

Grand Total: 616 creatures vanquished

Notes
Turn   | Place    | Note
-------+----------+-------------------------------------------
     0 | D:1      | qw the Gargoyle Fighter began the quest for the Orb.
     0 | D:1      | Reached XP level 1. HP: 14/14 MP: 1/1
     0 | D:1      | 0 ||| qw: Version: 0.3-a-9-g12657ce
     0 | D:1      | 0 ||| qw: Game counter: 1516
     0 | D:1      | 0 ||| qw: Always use a shield: true
     0 | D:1      | 0 ||| qw: God list: Okawaru
     0 | D:1      | 0 ||| qw: Allow faded altars: false
     0 | D:1      | 0 ||| qw: Do Orc after D:15 true
     0 | D:1      | 0 ||| qw: Do second Lair branch before Depths: true
     0 | D:1      | 0 ||| qw: Lair rune preference: random
     0 | D:1      | 0 ||| qw: Plans: Normal, Zot:1-4, Slime:5, God:TSO, Crypt,
                  | Tomb, Abyss, Pan, Hells, Win
     0 | D:1      | 0 ||| PLANNING D:1-11
   198 | D:1      | Reached skill level 2 in Axes
   334 | D:1      | Reached XP level 2. HP: 19/19 MP: 2/2
   462 | D:1      | 462 ||| UPGRADING to +0 kite shield.
   472 | D:1      | 472 ||| DROPPING +0 buckler.
   473 | D:1      | 473 ||| DROPPING amulet of magic regeneration.
   474 | D:1      | 474 ||| READING scroll labelled OQADUI LAHIUV.
   475 | D:1      | 475 ||| READING scroll labelled QALETO LEOSCHUL.
   476 | D:1      | 476 ||| READING scroll labelled ETEOGU PEQYB.
   477 | D:1      | 477 ||| READING scroll labelled PYTTIVVUSHO.
   478 | D:1      | 478 ||| READING scroll labelled IMYAMI NYRCHA.
   479 | D:1      | 479 ||| DRINKING 3 ruby potions.
   667 | D:2      | Reached skill level 3 in Axes
   671 | D:2      | Reached XP level 3. HP: 23/23 MP: 3/3
   703 | D:2      | 703 ||| DROPPING +0 club.
   718 | D:2      | HP: 2/23 [gnoll/+0 whip (5)]
   783 | D:2      | 783 ||| FLEEEEING.
   784 | D:2      | 784 ||| FLEEEEING.
   785 | D:2      | 785 ||| FLEEEEING.
   789 | D:2      | 789 ||| STAIRDANCE
   808 | D:1      | 808 ||| READING scroll labelled TUKIOMMICORR.
   819 | D:2      | 819 ||| Stepping ~*~*~tactically~*~*~ (stealth).
   824 | D:2      | 824 ||| Stepping ~*~*~tactically~*~*~ (hiding).
   830 | D:2      | Reached XP level 4. HP: 26/28 MP: 4/4
  1248 | D:2      | 1248 ||| READING scroll labelled DICWUL FOCAKK.
  1249 | D:2      | 1249 ||| READING scroll labelled ISUBBAMOCO.
  1299 | D:3      | Noticed Ijyb
  1300 | D:3      | 1300 ||| Stepping ~*~*~tactically~*~*~ (hiding).
  1301 | D:3      | Paralysed by Ijyb for 4 turns
  1310 | D:3      | Paralysed by Ijyb for 5 turns
  1320 | D:3      | Paralysed by Ijyb for 5 turns
  1329 | D:3      | Paralysed by Ijyb for 3 turns
  1332 | D:3      | Killed Ijyb
  1333 | D:3      | Reached skill level 4 in Axes
  1338 | D:3      | HP: 7/28 [iguana (4)]
  1342 | D:3      | Reached XP level 5. HP: 10/32 MP: 5/5
  1546 | D:3      | Found a basalt altar of Yredelemnul.
  1554 | D:3      | Noticed Natasha
  1555 | D:3      | 1555 ||| Stepping ~*~*~tactically~*~*~ (stealth).
  1567 | D:3      | Killed Natasha
  1633 | D:3      | 1633 ||| Stepping ~*~*~tactically~*~*~ (stealth).
  1634 | D:3      | 1634 ||| Stepping ~*~*~tactically~*~*~ (stealth).
  1817 | D:3      | Noticed Natasha
  1818 | D:3      | 1818 ||| Stepping ~*~*~tactically~*~*~ (stealth).
  1820 | D:3      | 1820 ||| Stepping ~*~*~tactically~*~*~ (hiding).
  1831 | D:3      | Killed Natasha
  1838 | D:3      | Noticed Natasha
  1839 | D:3      | 1839 ||| FLEEEEING.
  1844 | D:3      | 1844 ||| FLEEEEING.
  1845 | D:3      | 1845 ||| FLEEEEING.
  1846 | D:3      | 1846 ||| FLEEEEING.
  1847 | D:3      | 1847 ||| Stepping ~*~*~tactically~*~*~ (hiding).
  1851 | D:3      | 1851 ||| Stepping ~*~*~tactically~*~*~ (hiding).
  1856 | D:3      | Killed Natasha
  1857 | D:3      | Reached XP level 6. HP: 28/37 MP: 6/6
  1926 | D:3      | Found a burning altar of Makhleb.
  1926 | D:3      | Noticed an Executioner
  2056 | D:3      | 2056 ||| UPGRADING to +0 chain mail.
  2066 | D:3      | 2066 ||| DROPPING +0 scale mail.
  2067 | D:3      | 2067 ||| DROPPING scarf of harm.
  2068 | D:3      | 2068 ||| UPGRADING to amulet of regeneration.
  2073 | D:3      | 2073 ||| READING scroll labelled XICHUSHIWIDU.
  2074 | D:3      | 2074 ||| READING scroll labelled ORON TIHALO.
  2075 | D:3      | 2075 ||| READING 2 scrolls of identify.
  2075 | D:3      | 2075 ||| IDENTIFYING glowing pink potion
  2076 | D:3      | 2076 ||| DROPPING potion of invisibility.
  2112 | D:4      | 2112 ||| Stepping ~*~*~tactically~*~*~ (stealth).
  2178 | D:4      | Reached skill level 5 in Axes
  2181 | D:4      | Noticed Edmund
  2182 | D:4      | 2182 ||| Stepping ~*~*~tactically~*~*~ (stealth).
  2202 | D:4      | Killed Edmund
  2203 | D:4      | Reached XP level 7. HP: 28/44 MP: 7/7
  2220 | D:4      | 2220 ||| DROPPING +0 flail.
  2418 | D:4      | 2418 ||| Stepping ~*~*~tactically~*~*~ (hiding).
  2420 | D:4      | 2420 ||| Stepping ~*~*~tactically~*~*~ (hiding).
  2598 | D:4      | Found a shimmering blue altar of Sif Muna.
  2709 | D:4      | 2709 ||| READING scroll labelled TAIPTOZO UGOR.
  2748 | D:4      | 2748 ||| READING scroll labelled TIAPPYE KUES.
  2749 | D:4      | 2749 ||| DRINKING 2 silvery potions.
  2773 | D:5      | Entered Level 5 of the Dungeon
  2869 | D:5      | Reached skill level 6 in Axes
  2919 | D:5      | Reached skill level 6 in Shields
  2919 | D:5      | Reached XP level 8. HP: 31/48 MP: 8/8
  3034 | D:5      | 3034 ||| Stepping ~*~*~tactically~*~*~ (hiding).
  3049 | D:5      | Reached skill level 1 in Dodging
  3180 | D:5      | Found a staircase to the Ecumenical Temple.
  3181 | D:5      | 3181 ||| PLANNING TEMPLE
  3185 | D:5      | 3185 ||| UPGRADING to +0 plate armour.
  3195 | D:5      | 3195 ||| DROPPING +0 chain mail.
  3196 | D:5      | 3196 ||| READING scroll labelled XYDA GAAGIX.
  3200 | D:5      | 3200 ||| READING 2 scrolls of identify.
  3200 | D:5      | 3200 ||| IDENTIFYING clear potion
  3204 | Temple   | Entered the Ecumenical Temple
  3204 | Temple   | Found a transporter.
  3204 | Temple   | Found a transporter.
  3206 | Temple   | Found a transporter.
  3206 | Temple   | Found a transporter.
  3216 | Temple   | 3216 ||| PLANNING D:1-11
  3233 | Temple   | 3233 ||| PLANNING OKAWARU WORSHIP
  3240 | Temple   | Became a worshipper of Warmaster Okawaru
  3241 | Temple   | 3241 ||| PLANNING D:1-11
  3327 | D:5      | 3327 ||| Stepping ~*~*~tactically~*~*~ (stealth).
  3450 | D:5      | 3450 ||| DRINKING 2 emerald potions.
  3548 | D:6      | Reached skill level 7 in Axes
  3600 | D:6      | 3600 ||| Stepping ~*~*~tactically~*~*~ (stealth).
  3607 | D:6      | 3607 ||| DRINKING potion of curing.
  3607 | D:6      | 3607 ||| (to cure confusion)
  3611 | D:6      | 3611 ||| FLEEEEING.
  3616 | D:6      | Reached * piety under Okawaru
  3629 | D:6      | 3629 ||| INVOKING Heroism.
  3696 | D:6      | Identified the ring "Haboliow" {rElec rPois Dex+6}
  3895 | D:6      | 3895 ||| INVOKING Heroism.
  4010 | D:6      | Found a glowing silver altar of Zin.
  4024 | D:6      | Reached skill level 1 in Invocations
  4053 | D:6      | 4053 ||| UPGRADING to +0 pair of boots.
  4058 | D:6      | 4058 ||| UPGRADING to ring "Haboliow" {rElec rPois Dex+6}.
  4059 | D:6      | 4059 ||| UPGRADING to +6 ring of dexterity.
  4071 | D:7      | Noticed a spriggan hatter
  4082 | D:7      | Killed a spriggan hatter
  4083 | D:7      | Reached XP level 9. HP: 45/54 MP: 9/11
  4122 | D:7      | You fall into a shaft and drop 2 floors!
  4144 | D:9      | 4144 ||| DROPPING +0 hand axe.
  4146 | D:9      | Found a staircase to the Orcish Mines.
  4146 | D:9      | Noticed a hornet
  4147 | D:9      | 4147 ||| Stepping ~*~*~tactically~*~*~ (stealth).
  4151 | D:9      | 4151 ||| INVOKING Heroism.
  4157 | D:9      | Reached skill level 3 in Invocations
  4164 | D:9      | Killed a hornet
  4165 | D:9      | HP: 12/54 [orc priest/divine providence (14)]
  4166 | D:9      | 4166 ||| DRINKING potion of heal wounds.
  4168 | D:9      | 4168 ||| INVOKING Heroism.
  4178 | D:9      | Reached skill level 8 in Axes
  4183 | D:9      | Reached ** piety under Okawaru
  4184 | D:9      | Reached skill level 6 in Fighting
  4188 | D:9      | 4188 ||| INVOKING Heroism.
  4239 | D:9      | 4239 ||| Stepping ~*~*~tactically~*~*~ (stealth).
  4245 | D:9      | Reached XP level 10. HP: 60/60 MP: 13/13
  4267 | D:9      | 4267 ||| Stepping ~*~*~tactically~*~*~ (stealth).
  4281 | D:9      | 4281 ||| INVOKING Heroism.
  4295 | D:9      | Reached skill level 9 in Axes
  4295 | D:9      | 4295 ||| INVOKING Heroism.
  4362 | D:8      | 4362 ||| Stepping ~*~*~tactically~*~*~ (stealth).
  4519 | D:7      | 4519 ||| DROPPING +0 hand axe of freezing.
  4574 | D:7      | 4574 ||| Stepping ~*~*~tactically~*~*~ (hiding).
  4579 | D:7      | 4579 ||| INVOKING Heroism.
  4894 | D:7      | Reached skill level 9 in Shields
  4955 | D:7      | Found an ancient bone altar of Kikubaaqudgha.
  5087 | D:7      | 5087 ||| DRINKING 2 viscous silvery potions.
  5128 | D:7      | 5128 ||| READING 2 scrolls of identify.
  5128 | D:7      | 5128 ||| IDENTIFYING metallic dark potion
  5152 | D:8      | 5152 ||| INVOKING Heroism.
  5307 | D:8      | Reached skill level 6 in Armour
  5340 | D:8      | 5340 ||| INVOKING Heroism.
  5455 | D:8      | Noticed Joseph
  5460 | D:8      | Paralysed by Joseph for 3 turns
  5466 | D:8      | 5466 ||| INVOKING Heroism.
  5479 | D:8      | Killed Joseph
  5534 | D:8      | 5534 ||| Stepping ~*~*~tactically~*~*~ (stealth).
  5554 | D:8      | Found a shadowy altar of Dithmenos.
  5555 | D:8      | 5555 ||| Stepping ~*~*~tactically~*~*~ (stealth).
  5559 | D:8      | 5559 ||| Stepping ~*~*~tactically~*~*~ (stealth).
  5560 | D:8      | 5560 ||| Stepping ~*~*~tactically~*~*~ (stealth).
  5561 | D:8      | 5561 ||| Stepping ~*~*~tactically~*~*~ (stealth).
  5562 | D:8      | 5562 ||| Stepping ~*~*~tactically~*~*~ (stealth).
  5572 | D:8      | 5572 ||| Stepping ~*~*~tactically~*~*~ (hiding).
  5575 | D:8      | 5575 ||| INVOKING Heroism.
  5596 | D:8      | 5596 ||| Stepping ~*~*~tactically~*~*~ (hiding).
  5629 | D:8      | 5629 ||| DROPPING +3 hand axe of freezing.
  6071 | D:9      | Found an ornate altar of the Wu Jian Council.
  6078 | D:9      | 6078 ||| INVOKING Heroism.
  6093 | D:9      | Reached skill level 10 in Axes
  6138 | D:9      | Found Onirgh Qoess's Demolitions Depot.
  6207 | D:9      | Found a glowing golden altar of the Shining One.
  6366 | D:9      | Found a snail-covered altar of Cheibriados.
  6397 | D:9      | 6397 ||| Stepping ~*~*~tactically~*~*~ (stealth).
  6410 | D:9      | Reached skill level 3 in Dodging
  6509 | D:9      | Noticed Pikel
  6510 | D:9      | 6510 ||| Stepping ~*~*~tactically~*~*~ (stealth).
  6511 | D:9      | 6511 ||| Stepping ~*~*~tactically~*~*~ (stealth).
  6520 | D:9      | Pikel changed into Pikel the acid dragon
  6520 | D:9      | Noticed Pikel
  6527 | D:9      | Killed Pikel the acid dragon
  6616 | D:9      | 6616 ||| Stepping ~*~*~tactically~*~*~ (stealth).
  6618 | D:9      | 6618 ||| INVOKING Heroism.
  6829 | D:9      | 6829 ||| READING 3 scrolls of identify.
  6829 | D:9      | 6829 ||| IDENTIFYING brown potion
  6830 | D:9      | 6830 ||| READING 2 scrolls of identify.
  6830 | D:9      | 6830 ||| IDENTIFYING sapphire potion
  6831 | D:9      | 6831 ||| DROPPING potion of brilliance.
  6832 | D:9      | 6832 ||| DROPPING potion of berserk rage.
  6895 | D:10     | Entered Level 10 of the Dungeon
  6923 | D:10     | Noticed a kobold demonologist
  6929 | D:10     | Noticed a rust devil
  6934 | D:10     | 6934 ||| DRINKING potion of cancellation.
  6935 | D:10     | Killed a kobold demonologist
  6936 | D:10     | Reached XP level 11. HP: 62/68 MP: 14/14
  6957 | D:10     | Reached *** piety under Okawaru
  6985 | D:10     | 6985 ||| INVOKING Heroism.
  7021 | D:10     | 7021 ||| INVOKING Heroism.
  7033 | D:10     | Reached skill level 11 in Axes
  7115 | D:10     | Found a staircase to the Lair.
  7128 | D:10     | 7128 ||| INVOKING Heroism.
  7133 | D:10     | Reached **** piety under Okawaru
  7140 | D:10     | Received a gift from Okawaru
  7200 | D:10     | Found Doonus's Antique Armour Shoppe.
  7205 | D:10     | 7205 ||| BUYING embroidered cloak (262 gold).
  7205 | D:10     | Bought an embroidered cloak for 262 gold pieces
  7205 | D:10     | 7205 ||| SHOPLISTING glowing plate armour (910 gold, have
                  | 362).
  7205 | D:10     | 7205 ||| BUYING pair of runed gloves (262 gold).
  7205 | D:10     | Bought a pair of runed gloves for 262 gold pieces
  7205 | D:10     | 7205 ||| SHOPLISTING shiny kite shield (262 gold, have
                  | 100).
  7239 | D:10     | 7239 ||| Stepping ~*~*~tactically~*~*~ (hiding).
  7241 | D:10     | 7241 ||| Stepping ~*~*~tactically~*~*~ (hiding).
  7363 | D:10     | 7363 ||| Stepping ~*~*~tactically~*~*~ (stealth).
  7382 | D:10     | 7382 ||| INVOKING Heroism.
  7455 | D:10     | Noticed Nergalle
  7456 | D:10     | 7456 ||| INVOKING Heroism.
  7467 | D:10     | Noticed a spectral orc warlord
  7480 | D:10     | 7480 ||| INVOKING Heroism.
  7486 | D:10     | Killed Nergalle
  7486 | D:10     | Received a gift from Okawaru
  7487 | D:10     | Reached skill level 9 in Fighting
  7725 | D:10     | Found a sparkling altar of Nemelex Xobeh.
  7726 | D:10     | Found an opulent altar of Gozag.
  7734 | D:10     | 7734 ||| UPGRADING to +2 cloak of stealth.
  7739 | D:10     | 7739 ||| PLANNING LAIR
  7739 | D:10     | 7739 ||| UPGRADING to +2 pair of gloves.
  7808 | Lair:1   | Entered Level 1 of the Lair of Beasts
  7870 | Lair:1   | Found a frozen archway.
  7891 | Lair:1   | 7891 ||| INVOKING Heroism.
  7900 | Lair:1   | Reached skill level 1 in Throwing
  8098 | Lair:1   | Reached XP level 12. HP: 76/76 MP: 16/16
  8102 | Lair:1   | Reached skill level 6 in Invocations
  8289 | Lair:1   | Found a sacrificial altar of Ru.
  8442 | Lair:1   | 8442 ||| READING scroll labelled YGA ARHANEKKA.
  8442 | Lair:1   | Identified a scroll of acquirement
  8442 | Lair:1   | 8442 ||| ACQUIRING +2 broad axe of flaming
  8442 | Lair:1   | Acquired a +2 broad axe of flaming
  8444 | Lair:1   | 8444 ||| SWAPPING to +2 broad axe of flaming.
  8445 | Lair:1   | 8445 ||| DROPPING +4 flail of holy wrath.
  8446 | Lair:1   | 8446 ||| DROPPING +0 war axe.
  8447 | Lair:1   | 8447 ||| DROPPING +1 war axe of chaos.
  8448 | Lair:1   | 8448 ||| READING 4 scrolls of identify.
  8448 | Lair:1   | 8448 ||| IDENTIFYING metallic golden potion
  8449 | Lair:1   | 8449 ||| READING 3 scrolls of identify.
  8449 | Lair:1   | 8449 ||| IDENTIFYING golden potion
  8533 | Lair:2   | 8533 ||| Stepping ~*~*~tactically~*~*~ (stealth).
  8536 | Lair:2   | Reached skill level 3 in Throwing
  8562 | Lair:2   | Noticed Sonja
  8563 | Lair:2   | 8563 ||| Stepping ~*~*~tactically~*~*~ (stealth).
  8564 | Lair:2   | 8564 ||| INVOKING Heroism.
  8596 | Lair:2   | Killed Sonja
  8596 | Lair:2   | Received a gift from Okawaru
  8666 | Lair:2   | Noticed a seven-headed hydra
  8667 | Lair:2   | 8667 ||| INVOKING Heroism.
  8673 | Lair:2   | Killed a four-headed hydra
  8917 | Lair:2   | 8917 ||| Stepping ~*~*~tactically~*~*~ (stealth).
  8921 | Lair:2   | Reached ***** piety under Okawaru
  8946 | Lair:2   | 8946 ||| Stepping ~*~*~tactically~*~*~ (stealth).
  8957 | Lair:2   | Noticed Gastronok
  8958 | Lair:2   | 8958 ||| Stepping ~*~*~tactically~*~*~ (hiding).
  8962 | Lair:2   | 8962 ||| Stepping ~*~*~tactically~*~*~ (hiding).
  8974 | Lair:2   | 8974 ||| INVOKING Heroism.
  8983 | Lair:2   | Killed Gastronok
  8983 | Lair:2   | Received a gift from Okawaru
  9083 | Lair:2   | 9083 ||| INVOKING Heroism.
  9089 | Lair:2   | Reached skill level 9 in Invocations
  9322 | Lair:2   | Found a staircase to the Snake Pit.
  9330 | Lair:2   | 9330 ||| INVOKING Heroism.
  9519 | Lair:3   | 9519 ||| INVOKING Heroism.
  9529 | Lair:3   | Noticed Amaemon
  9538 | Lair:3   | Killed Amaemon
  9550 | Lair:3   | 9550 ||| Stepping ~*~*~tactically~*~*~ (stealth).
  9557 | Lair:3   | 9557 ||| Stepping ~*~*~tactically~*~*~ (stealth).
  9631 | Lair:3   | Noticed Josephine
  9632 | Lair:3   | 9632 ||| Stepping ~*~*~tactically~*~*~ (stealth).
  9645 | Lair:3   | Received a gift from Okawaru
  9646 | Lair:3   | Reached skill level 12 in Axes
  9646 | Lair:3   | Killed Josephine
  9647 | Lair:3   | Reached XP level 13. HP: 59/80 MP: 20/20
  9889 | Lair:3   | 9889 ||| INVOKING Heroism.
  9967 | Lair:3   | 9967 ||| INVOKING Heroism.
  9979 | Lair:3   | Reached skill level 9 in Armour
 10000 | Lair:3   | Identified the +5 lajatang of Stickiness {heavy, rCorr
                  | Str+2}
 10258 | Lair:3   | Found a staircase to the Swamp.
 10260 | Lair:3   | 10260 ||| Stepping ~*~*~tactically~*~*~ (stealth).
 10265 | Lair:3   | 10265 ||| INVOKING Heroism.
 10282 | Lair:3   | Received a gift from Okawaru
 10453 | Lair:3   | 10453 ||| UPGRADING to +0 helmet.
 10496 | Lair:4   | 10496 ||| READING scroll of brand weapon.
 10496 | Lair:4   | 10496 ||| BRANDING +2 broad axe of flaming.
 10563 | Lair:4   | You fall into a shaft and drop 1 floor!
 10563 | Lair:5   | Entered Level 5 of the Lair of Beasts
 10578 | Lair:5   | 10578 ||| INVOKING Heroism.
 10684 | Lair:5   | 10684 ||| Stepping ~*~*~tactically~*~*~ (hiding).
 10685 | Lair:5   | 10685 ||| INVOKING Heroism.
 10692 | Lair:5   | 10692 ||| Stepping ~*~*~tactically~*~*~ (hiding).
 10708 | Lair:5   | 10708 ||| Stepping ~*~*~tactically~*~*~ (hiding).
 10730 | Lair:5   | 10730 ||| INVOKING Heroism.
 10748 | Lair:5   | 10748 ||| Stepping ~*~*~tactically~*~*~ (stealth).
 10783 | Lair:5   | Found a large runed translucent door.
 10783 | Lair:5   | Noticed a fire dragon
 10786 | Lair:5   | 10786 ||| Stepping ~*~*~tactically~*~*~ (hiding).
 10787 | Lair:5   | 10787 ||| Stepping ~*~*~tactically~*~*~ (hiding).
 10790 | Lair:5   | 10790 ||| Stepping ~*~*~tactically~*~*~ (hiding).
 10795 | Lair:5   | 10795 ||| INVOKING Heroism.
 10811 | Lair:5   | Found a large runed translucent door.
 10822 | Lair:5   | 10822 ||| DROPPING +1 cloak.
 10866 | Lair:5   | 10866 ||| INVOKING Heroism.
 10901 | Lair:5   | 10901 ||| Stepping ~*~*~tactically~*~*~ (stealth).
 10906 | Lair:5   | 10906 ||| Stepping ~*~*~tactically~*~*~ (stealth).
 10919 | Lair:5   | 10919 ||| INVOKING Heroism.
 11015 | Lair:5   | 11015 ||| INVOKING Heroism.
 11083 | Lair:5   | 11083 ||| READING scroll of enchant armour.
 11083 | Lair:5   | 11083 ||| ENCHANTING +0 helmet.
 11108 | Lair:4   | 11108 ||| Stepping ~*~*~tactically~*~*~ (stealth).
 11141 | Lair:4   | 11141 ||| INVOKING Heroism.
 11148 | Lair:4   | 11148 ||| Stepping ~*~*~tactically~*~*~ (cloud).
 11203 | Lair:4   | 11203 ||| INVOKING Heroism.
 11253 | Lair:4   | 11253 ||| Stepping ~*~*~tactically~*~*~ (stealth).
 11260 | Lair:4   | Reached skill level 13 in Axes
 11395 | Lair:4   | 11395 ||| INVOKING Heroism.
 11439 | Lair:4   | 11439 ||| Stepping ~*~*~tactically~*~*~ (stealth).
 11867 | Lair:4   | 11867 ||| READING scroll labelled PEODOGIBIO.
 11933 | Lair:5   | 11933 ||| INVOKING Heroism.
 11936 | Lair:5   | 11936 ||| SWAPPING to +0 flail.
 11951 | Lair:5   | 11951 ||| SWAPPING to +2 broad axe of venom.
 12023 | Lair:5   | 12023 ||| READING scroll of enchant armour.
 12023 | Lair:5   | 12023 ||| ENCHANTING +1 helmet.
 12040 | Lair:5   | 12040 ||| INVOKING Heroism.
 12043 | Lair:5   | 12043 ||| SWAPPING to +0 flail.
 12054 | Lair:5   | 12054 ||| SWAPPING to +2 broad axe of venom.
 12059 | Lair:5   | Found a staircase to the Slime Pits.
 12130 | Lair:5   | 12130 ||| Stepping ~*~*~tactically~*~*~ (stealth).
 12132 | Lair:5   | 12132 ||| Stepping ~*~*~tactically~*~*~ (stealth).
 12173 | Lair:5   | 12173 ||| INVOKING Heroism.
 12274 | Lair:5   | 12274 ||| Stepping ~*~*~tactically~*~*~ (stealth).
 12314 | Lair:5   | 12314 ||| Stepping ~*~*~tactically~*~*~ (stealth).
 12319 | Lair:5   | 12319 ||| INVOKING Heroism.
 12351 | Lair:5   | Gained mutation: Your large and strong wings let you fly.
                  | [Gargoyle growth]
 12351 | Lair:5   | Reached XP level 14. HP: 81/88 MP: 21/21
 12471 | Lair:5   | 12471 ||| INVOKING Heroism.
 12472 | Lair:5   | 12472 ||| SWAPPING to +0 flail.
 12487 | Lair:5   | 12487 ||| SWAPPING to +2 broad axe of venom.
 12888 | Lair:5   | 12888 ||| PLANNING D:1-11
 13127 | D:11     | 13127 ||| READING scroll of brand weapon.
 13127 | D:11     | 13127 ||| BRANDING +2 broad axe of venom.
 13201 | D:11     | 13201 ||| INVOKING Heroism.
 13207 | D:11     | Received a gift from Okawaru
 13208 | D:11     | Reached skill level 14 in Axes
 13291 | D:11     | 13291 ||| Stepping ~*~*~tactically~*~*~ (hiding).
 13414 | D:11     | 13414 ||| Stepping ~*~*~tactically~*~*~ (hiding).
 13416 | D:11     | 13416 ||| Stepping ~*~*~tactically~*~*~ (hiding).
 13514 | D:11     | 13514 ||| PLANNING LAIR
 13726 | Lair:5   | 13726 ||| PLANNING D
 13799 | Lair:5   | 13799 ||| PLANNING LAIR
 13832 | Lair:5   | 13832 ||| Stepping ~*~*~tactically~*~*~ (cloud).
 13879 | Lair:5   | 13879 ||| PLANNING D
 13975 | Lair:5   | 13975 ||| PLANNING LAIR
 14058 | Lair:5   | 14058 ||| PLANNING D
 14119 | Lair:5   | 14119 ||| PLANNING LAIR
 14182 | Lair:5   | 14182 ||| PLANNING D
 14241 | Lair:5   | 14241 ||| PLANNING LAIR
 14292 | Lair:5   | 14292 ||| PLANNING D
 14360 | Lair:5   | 14360 ||| PLANNING LAIR
 14419 | Lair:5   | 14419 ||| PLANNING D
 14510 | Lair:5   | 14510 ||| PLANNING LAIR
 14599 | Lair:5   | 14599 ||| PLANNING D
 14632 | Lair:5   | 14632 ||| PLANNING LAIR
 14667 | Lair:5   | 14667 ||| PLANNING D
 14737 | Lair:5   | 14737 ||| PLANNING LAIR
 14809 | Lair:5   | 14809 ||| PLANNING D
 14871 | Lair:5   | 14871 ||| PLANNING LAIR
 14913 | Lair:5   | 14913 ||| PLANNING D
 14974 | Lair:5   | 14974 ||| PLANNING LAIR
 15037 | Lair:5   | 15037 ||| PLANNING D
 15082 | Lair:5   | 15082 ||| PLANNING LAIR
 15125 | Lair:5   | 15125 ||| PLANNING D
 15381 | D:12     | 15381 ||| Stepping ~*~*~tactically~*~*~ (stealth).
 15475 | D:12     | 15475 ||| Stepping ~*~*~tactically~*~*~ (stealth).
 15476 | D:12     | 15476 ||| Stepping ~*~*~tactically~*~*~ (stealth).
 15502 | D:12     | 15502 ||| Stepping ~*~*~tactically~*~*~ (hiding).
 15890 | D:12     | 15890 ||| READING scroll labelled UREFIBL BAOPU.
 15991 | D:12     | 15991 ||| READING scroll labelled LEUNOLOSUO.
 16034 | D:13     | 16034 ||| FLEEEEING.
 16064 | D:13     | 16064 ||| FLEEEEING.
 16065 | D:13     | 16065 ||| FLEEEEING.
 16066 | D:13     | 16066 ||| FLEEEEING.
 16070 | D:13     | 16070 ||| FLEEEEING.
 16071 | D:13     | 16071 ||| FLEEEEING.
 16072 | D:13     | 16072 ||| FLEEEEING.
 16073 | D:13     | 16073 ||| STAIRDANCE
 16085 | D:13     | 16085 ||| Stepping ~*~*~tactically~*~*~ (hiding).
 16168 | D:13     | 16168 ||| Stepping ~*~*~tactically~*~*~ (stealth).
 16170 | D:13     | 16170 ||| Stepping ~*~*~tactically~*~*~ (hiding).
 16271 | D:13     | 16271 ||| Stepping ~*~*~tactically~*~*~ (stealth).
 16273 | D:13     | 16273 ||| Stepping ~*~*~tactically~*~*~ (hiding).
 16288 | D:13     | 16288 ||| DROPPING +0 flail.
 16306 | D:13     | 16306 ||| Stepping ~*~*~tactically~*~*~ (hiding).
 16308 | D:13     | 16308 ||| Stepping ~*~*~tactically~*~*~ (hiding).
 16336 | D:13     | Received a gift from Okawaru
 16353 | D:13     | Identified the +9 hand axe of Pugid {flame, Will- Int+4}
                  | (Okawaru gifted it to you on level 13 of the Dungeon)
 16353 | D:13     | Received a gift from Okawaru
 16372 | D:13     | 16372 ||| DROPPING +2 flail of protection.
 16375 | D:13     | 16375 ||| READING scroll of enchant armour.
 16375 | D:13     | 16375 ||| ENCHANTING +0 pair of boots.
 16443 | D:13     | 16443 ||| INVOKING Heroism.
 16444 | D:13     | 16444 ||| INVOKING Finesse.
 16528 | D:13     | 16528 ||| Stepping ~*~*~tactically~*~*~ (stealth).
 16534 | D:13     | 16534 ||| INVOKING Heroism.
 16537 | D:13     | 16537 ||| READING 4 scrolls of teleportation.
 16553 | D:13     | Found a sparkling altar of Nemelex Xobeh.
 16645 | D:13     | Found a large runed translucent door.
 16645 | D:13     | Found a large runed translucent door.
 16647 | D:13     | Noticed Vext's ghost (journeyman SpEn)
 16682 | D:13     | 16682 ||| INVOKING Heroism.
 16683 | D:13     | 16683 ||| READING 3 scrolls of teleportation.
 16766 | D:13     | 16766 ||| INVOKING Heroism.
 16770 | D:13     | 16770 ||| READING 2 scrolls of teleportation.
 17002 | D:13     | 17002 ||| UPGRADING to +6 ring of strength.
 17004 | D:13     | 17004 ||| DROPPING ring "Haboliow" {rElec rPois Dex+6}.
 17021 | D:13     | 17021 ||| INVOKING Heroism.
 17023 | D:13     | 17023 ||| READING scroll of teleportation.
 17058 | D:13     | 17058 ||| Stepping ~*~*~tactically~*~*~ (stealth).
 17060 | D:13     | 17060 ||| Stepping ~*~*~tactically~*~*~ (stealth).
 17215 | D:14     | 17215 ||| INVOKING Heroism.
 17222 | D:14     | Reached skill level 12 in Shields
 17268 | D:14     | 17268 ||| INVOKING Heroism.
 17467 | D:14     | 17467 ||| Stepping ~*~*~tactically~*~*~ (hiding).
 17594 | D:14     | 17594 ||| INVOKING Heroism.
 17614 | D:14     | 17614 ||| INVOKING Heroism.
 17871 | D:14     | 17871 ||| Stepping ~*~*~tactically~*~*~ (hiding).
 17956 | D:14     | 17956 ||| INVOKING Heroism.
 18159 | D:14     | 18159 ||| INVOKING Heroism.
 18213 | D:14     | Found a gate to the Vaults.
 18219 | D:14     | Reached skill level 15 in Axes
 18548 | D:14     | 18548 ||| DROPPING +6 ring of intelligence.
 18549 | D:14     | 18549 ||| READING 8 scrolls of identify.
 18549 | D:14     | 18549 ||| IDENTIFYING glowing brown potion
 18550 | D:14     | 18550 ||| DROPPING potion of degeneration.
 18613 | D:15     | Entered Level 15 of the Dungeon
 18631 | D:15     | 18631 ||| Stepping ~*~*~tactically~*~*~ (hiding).
 18633 | D:15     | 18633 ||| Stepping ~*~*~tactically~*~*~ (hiding).
 18642 | D:15     | Received a gift from Okawaru
 18694 | D:15     | Identified the +1 orcbow of the Green God {drain, Dex+4
                  | SInv}
 18704 | D:15     | 18704 ||| INVOKING Heroism.
 18713 | D:15     | Reached XP level 15. HP: 76/94 MP: 20/22
 18990 | D:15     | Found a staircase to the Depths.
 18993 | D:15     | 18993 ||| INVOKING Heroism.
 19073 | D:15     | 19073 ||| Stepping ~*~*~tactically~*~*~ (hiding).
 19075 | D:15     | 19075 ||| Stepping ~*~*~tactically~*~*~ (hiding).
 19079 | D:15     | 19079 ||| INVOKING Heroism.
 19090 | D:15     | Reached skill level 12 in Fighting
 19101 | D:15     | 19101 ||| Stepping ~*~*~tactically~*~*~ (hiding).
 19102 | D:15     | 19102 ||| Stepping ~*~*~tactically~*~*~ (hiding).
 19166 | D:15     | 19166 ||| INVOKING Heroism.
 19167 | D:15     | Received a gift from Okawaru
 19214 | D:15     | Found a white marble altar of Elyvilon.
 19222 | D:15     | 19222 ||| INVOKING Heroism.
 19282 | D:15     | 19282 ||| INVOKING Heroism.
 19446 | D:15     | 19446 ||| PLANNING ORC
 19577 | Orc:1    | Entered Level 1 of the Orcish Mines
 19578 | Orc:1    | 19578 ||| INVOKING Heroism.
 19870 | Orc:2    | Entered Level 2 of the Orcish Mines
 19871 | Orc:2    | 19871 ||| Stepping ~*~*~tactically~*~*~ (hiding).
 19872 | Orc:2    | 19872 ||| Stepping ~*~*~tactically~*~*~ (hiding).
 19952 | Orc:2    | 19952 ||| Stepping ~*~*~tactically~*~*~ (hiding).
 19953 | Orc:2    | 19953 ||| Stepping ~*~*~tactically~*~*~ (hiding).
 20209 | Orc:2    | 20209 ||| Stepping ~*~*~tactically~*~*~ (stealth).
 20209 | Orc:2    | Noticed Rupert
 20209 | Orc:2    | Paralysed by Rupert for 2 turns
 20211 | Orc:2    | 20211 ||| INVOKING Heroism.
 20225 | Orc:2    | Killed Rupert
 20277 | Orc:2    | 20277 ||| Stepping ~*~*~tactically~*~*~ (hiding).
 20278 | Orc:2    | 20278 ||| INVOKING Heroism.
 20317 | Orc:2    | Noticed Urug
 20336 | Orc:2    | Slain by Urug

Levels and vault maps discovered:
D:1:      matt_arrival_refuge, layout_rooms
D:2:      minmay_roachtagon, layout_loops_ring
D:3:      layout_rooms, yredelemnul_altar_generic, makhleb_altar_promises_db,
          uniq_natasha, uniq_ijyb
D:4:      layout_loops_cross, nicolae_sif_muna_little_library, uniq_edmund
D:5:      layout_rooms, minmay_temple_entry_fiery, serial_bayou_lagoon_b
D:6:      layout_rooms, mainiacjoe_overflow_tiny_flanked, kennysheep_minor_cross
D:7:      layout_basic, kennysheep_mini_moat, the_hattery
D:8:      layout_gridville, lemuel_crystal_altar, nicolae_letterblocks
          [nicolae_letter_subblock, nicolae_letter_subblock,
          nicolae_letter_subblock, nicolae_letter_subblock,
          nicolae_letter_subblock, nicolae_letter_subblock,
          nicolae_letter_subblock, nicolae_letter_subblock,
          nicolae_letter_subblock, nicolae_letter_subblock,
          nicolae_letter_subblock, nicolae_letter_subblock,
          nicolae_letter_subblock, nicolae_letter_subblock,
          nicolae_letter_subblock, nicolae_letter_subblock,
          nicolae_letter_subblock, nicolae_letter_subblock,
          nicolae_letter_subblock, nicolae_letter_subblock,
          nicolae_letter_subblock, nicolae_letter_subblock,
          nicolae_letter_subblock, nicolae_letter_subblock,
          nicolae_letter_subblock], uniq_joseph
D:9:      layout_roguey, mainiacjoe_overflow_catwalk_spiral,
          mainiacjoe_overflow_alcove_1, david_orc_3,
          minmay_misc_feat_four_crosses, minivault_4, serial_bayou_pond_b,
          minmay_misc_feat_five, nicolae_blasting_shop, kennysheep_diamond,
          uniq_pikel
D:10:     layout_roguey [special_room_kobold], grunt_temple_overflow_opulence,
          minmay_lair_entry_grove, serial_shops, nicolae_shop_trees,
          uniq_nergalle
D:11:     layout_roguey, palyth_stone_intersect
D:12:     layout_rooms
D:13:     layout_loops_ring, ebering_ghost_disaster_area,
          nemelex_spade_bored_becter
D:14:     layout_basic, david_vaults_1, minmay_misc_feat_enclosed
D:15:     hangedman_depths_entry_try_elsewhere_first, layout_basic,
          elyvilon_altar_3
Temple:   hellmonk_temple_divided_pantheon
Lair:1:   layout_hall_layers, special_room [special_room_bee],
          portal_ice_cave_entry_pillars_1, basic_altar
Lair:2:   layout_loops_ring, nicolae_snake_entry_warm_welcome, special_room,
          beast_lair_carwin_2, uniq_sonja, uniq_gastronok
Lair:3:   layout_regular_city, minmay_swamp_entry_worms, uniq_josephine,
          uniq_amaemon
Lair:4:   layout_long_grid, lightli_volcano_entry_magma_tube
Lair:5:   cheibrodos_lair_end_hotspot, layout_layer_cave,
          dpeg_slime_entry_corner, infiniplex_staircase_pool_2
Orc:1:    layout_caves
Orc:2:    grunt_orc_cross, layout_diamond_mine, uniq_rupert

Skill      XL: |  1  2  3  4  5  6  7  8  9 10 11 12 13 14 15 |
---------------+----------------------------------------------+-----
Axes           | 2 3 4 5 6 7 8 10 11 12 13 15 | 15.9
Shields        | 4 5 6 7 8 9 10 11 12 | 12.0
Fighting       | 4 5 6 8 9 10 11 12 | 12.0
Dodging        | 2 3 4 |  4.0
Armour         | 4 5 6 7 8 10 11 | 11.0
Invocations    | 2 4 5 10 | 10.0
Throwing       | 2 4 5 |  5.0

Action                     |  1- 3 |  4- 6 |  7- 9 | 10-12 | 13-15 || total
---------------------------+-------+-------+-------+-------+-------++-------
  Melee: War axe           |    60 |   132 |   227 |   539 |       ||   958
         Broad axe         |       |       |       |   178 |  1090 ||  1268
         Flail             |       |       |       |       |    38 ||    38
  Throw: Boomerang         |       |       |     5 |    11 |    78 ||    94
         Javelin           |       |       |       |    31 |    32 ||    63
 Invoke: Heroism           |       |       |     5 |    22 |    39 ||    66
         Finesse           |       |       |       |       |     1 ||     1
    Use: Scroll            |     6 |     5 |     4 |     6 |    13 ||    34
         Potion            |     1 |       |     4 |     2 |       ||     7
   Stab: Petrifying        |       |       |       |     2 |       ||     2
         Confused          |       |       |       |     1 |       ||     1
 Armour: Scale mail        |    38 |    67 |       |       |       ||   105
         Chain mail        |       |    31 |    44 |       |       ||    75
         Plate armour      |       |       |    58 |   331 |   635 ||  1024
  Dodge: Dodged            |    23 |    38 |    49 |   214 |   337 ||   661
  Block: Kite shield       |    18 |    53 |   127 |   498 |   649 ||  1345

Table legend:
 A = Non-vault XP
 B = Vault XP
 C = Vault XP percentage of total XP
 D = Non-vault monster count
 E = Vault monster count
 F = Vault count percentage of total count
                 A         B        C        D         E       F
            +---------+---------+-------+---------+---------+-------
      Total |   76557 |   29474 |  27.8 |     468 |     149 |  24.1
            +---------+---------+-------+---------+---------+-------
        D:1 |      10 |       0 |   0.0 |       6 |       0 |   0.0
        D:2 |      96 |      18 |  15.8 |      17 |       9 |  34.6
        D:3 |     146 |      71 |  32.7 |      16 |       2 |  11.1
        D:4 |     247 |     157 |  38.9 |      21 |       1 |   4.5
        D:5 |     721 |       0 |   0.0 |      19 |       0 |   0.0
        D:6 |     859 |       0 |   0.0 |      16 |       0 |   0.0
        D:7 |     830 |     211 |  20.3 |      22 |       1 |   4.3
        D:8 |    1093 |     475 |  30.3 |      34 |       1 |   2.9
        D:9 |    3361 |     888 |  20.9 |      36 |       7 |  16.3
       D:10 |    2696 |    5303 |  66.3 |      27 |      40 |  59.7
       D:11 |    2952 |       0 |   0.0 |       7 |       0 |   0.0
       D:12 |    3017 |       0 |   0.0 |      11 |       0 |   0.0
       D:13 |   10431 |       0 |   0.0 |      38 |       0 |   0.0
       D:14 |   10590 |     872 |   7.6 |      24 |       2 |   7.7
       D:15 |   11241 |    2355 |  17.3 |      33 |       4 |  10.8
     Lair:1 |    1163 |    1459 |  55.6 |       6 |      20 |  76.9
     Lair:2 |    5685 |    3512 |  38.2 |      21 |      10 |  32.3
     Lair:3 |    2680 |    3615 |  57.4 |      13 |       9 |  40.9
     Lair:4 |    3484 |       0 |   0.0 |      22 |       0 |   0.0
     Lair:5 |   12010 |    6626 |  35.6 |      38 |      28 |  42.4
      Orc:1 |    1733 |       0 |   0.0 |      20 |       0 |   0.0
      Orc:2 |    1512 |    3912 |  72.1 |      21 |      15 |  41.7
            +---------+---------+-------+---------+---------+-------
